AoeStats
← chewie1706

Arena

506623260Analyzed
3v3 RM · 18d ago on Sep 14, 2026· 39m 28s· 6 players
Game mode
Random Map
Map size
Normal (6 player)
Population
200
Speed
Normal
Resources
Standard
Victory
Conquest
Starting age
Dark Age
Ending age
Imperial Age
RankedLock teamsTeams togetherTeam positionsShared explorationLock speedFull tech treeHidden civsTurbo modeCheats
Victory
Defeat
🇫🇷 Poles · France
1567
+6
🇫🇷 Mongols · France
1420
+11
🇫🇷 Burgundians · France
1057
+24
🇭🇰 Poles · Hong Kong SAR China
1367
-17
🇨🇳 Wu · China
1339
-15
🇨🇳 Bohemians · China
1183
-9
chewie1706
4:53 Loom
8:09 Feudal Age
9:09 Double-Bit Axe
10:37 Fletching
13:40 Horse Collar
16:55 Wheelbarrow
16:59 Town Watch
21:49 Castle Age
22:30 Heavy Plow
22:41 Bow Saw
22:39 Stone Mining
23:10 Gold Mining
29:06 Imperial Age
35:39 Stone Shaft Mining
37:09 Chemistry
38:11 Bodkin Arrow
39:15 Ballistics
39:12 Treadmill Crane
Eras Mousse
9:55 Feudal Age
11:33 Horse Collar
13:58 Castle Age
12:20 Horse Collar
12:46 Double-Bit Axe
15:02 Bow Saw
19:37 Loom
19:38 Town Watch
22:21 Wheelbarrow
22:11 Stone Mining
22:42 Heavy Plow
24:04 Hand Cart
24:37 Gold Mining
28:47 Imperial Age
26:36 Fletching
27:37 Stone Shaft Mining
27:40 Gold Shaft Mining
27:47 Bodkin Arrow
27:52 Padded Archer Armor
28:42 Ballistics
28:47 Elite Mangudai
30:30 Chemistry
29:50 Bracer
30:26 Husbandry
31:02 Leather Archer Armor
31:03 Bloodlines
31:54 Masonry
32:44 Parthian Tactics
31:43 Crossbowman
32:29 Thumb Ring
31:58 Onager
34:39 Siege Engineers
35:23 Siege Onager
37:02 Drill
37:05 Conscription
38:03 Capped Ram
AGS.Euphiebe
4:12 Double-Bit Axe
5:15 Loom
11:47 Feudal Age
15:44 Castle Age
13:48 Horse Collar
14:57 Bow Saw
18:49 Two-Man Saw
18:53 Wheelbarrow
21:07 Heavy Plow
21:58 Hand Cart
21:30 Town Watch
22:47 Crop Rotation
24:40 Gold Mining
28:51 Imperial Age
26:37 Forging
28:25 Iron Casting
27:55 Scale Barding Armor
28:36 Husbandry
27:57 Cavalier
29:25 Gold Shaft Mining
28:41 Stone Mining
29:48 Scale Mail Armor
30:50 Blast Furnace
29:27 Light Cavalry
30:48 Chain Barding Armor
34:01 Plate Barding Armor
34:06 Stone Shaft Mining
33:10 Paladin
36:27 Chemistry
潇洒打一架
4:01 Loom
10:40 Feudal Age
15:25 Castle Age
13:27 Double-Bit Axe
13:41 Horse Collar
19:49 Heavy Plow
22:55 Wheelbarrow
23:23 Bow Saw
25:13 Hand Cart
29:54 Imperial Age
27:34 Fletching
27:45 Padded Archer Armor
28:01 Loom
28:28 Bodkin Arrow
28:27 Elite Skirmisher
29:06 Town Watch
29:40 Leather Archer Armor
30:40 Chemistry
29:54 Fortified Wall
30:53 Bracer
31:23 Ring Archer Armor
31:18 Conscription
31:57 Town Patrol
32:20 Forging
32:11 Scale Mail Armor
34:49 Two-Man Saw
34:28 Iron Casting
33:16 Houfnice
34:22 Wagenburg Tactics
33:48 Pikeman
34:29 Squires
38:42 Chain Mail Armor
39:27 Blast Furnace
39:31 Ballistics
拿捏木村
10:46 Feudal Age
14:41 Castle Age
12:53 Double-Bit Axe
13:03 Horse Collar
15:58 Heavy Plow
16:39 Bow Saw
19:48 Wheelbarrow
19:37 Stone Mining
22:11 Scale Barding Armor
22:04 Loom
23:32 Bloodlines
23:49 Szlachta Privileges
24:26 Husbandry
31:48 Imperial Age
31:03 Chain Barding Armor
31:27 Hand Cart
32:40 Forging
32:51 Conscription
31:53 Cavalier
34:30 Iron Casting
33:42 Town Watch
33:49 Fletching
34:48 Crop Rotation
35:26 Light Cavalry
36:41 Coinage
36:03 Winged Hussar
39:56 Blast Furnace
叽里咕噜
10:50 Feudal Age
11:06 Loom
15:20 Padded Archer Armor
18:17 Castle Age
18:03 Double-Bit Axe
21:01 Fletching
27:37 Bodkin Arrow
27:44 Padded Archer Armor
31:03 Leather Archer Armor
34:13 Horse Collar
41:00 Imperial Age
39:06 Wheelbarrow
38:17 Town Watch
38:44 Bow Saw
38:04 Pikeman
38:46 Squires
38:50 Scale Mail Armor
39:00 Forging
Connection lost

Rejoining the realm…

Still unreachable

The connection could not be restored.

Session expired

The server has moved on; the page needs a fresh start.